 Dungeon Crawl Stone Soup version 0.31.0-12-g77e489cdc1 (webtiles) character file.

Game seed: 15339767445697992115

5099 Quinndolin the Basher (level 10, -5/100 HPs)
             Began as a Minotaur Berserker on Feb 13, 2024.
             Was a High Priest of Trog.
             Succumbed to Amaemon's poison
             ... on level 8 of the Dungeon.
             The game lasted 00:21:41 (5821 turns).

Quinndolin the Basher (Minotaur Berserker)          Turns: 5821, Time: 00:21:42

Health: -5/100     AC: 17    Str: 27    XL:     10   Next: 32%
Magic:  9/9        EV: 10    Int: 16    God:    Trog [*****.]
Gold:   649        SH:  5    Dex:  9    Spells: 9/9 levels left

rFire   . . .        m - +1 mace (distort)
rCold   . . .        (no shield)
rNeg    . . .        A - +0 chain mail
rPois   .            (helmet unavailable)
rElec   .            E - +0 cloak
rCorr   .            I - +1 pair of gloves {hurl}
SInv    .            F - +1 pair of boots
Will    .....        q - amulet of reflection Stlth
                     M - +6 ring of intelligence
HPRegen 0.36/turn    B - +6 ring of intelligence
MPRegen 0.11/turn

%: reflection
@: lethally poisoned (-5 -> -46)
A: horns 3, retaliatory headbutt, robust 1
a: Renounce Religion, Berserk, Trog's Hand, Brothers in Arms


You were on level 8 of the Dungeon.
You worshipped Trog.
Trog was extremely pleased with you.
You visited 2 branches of the dungeon, and saw 9 of its levels.
You also visited: Bailey.

You collected 836 gold pieces.
You spent 187 gold pieces at shops.

Inventory:

Hand Weapons
 m - a +1 mace of distortion (weapon)
 K - a +2 great sword of protection
 L - a +4 spear of freezing
Missiles
 j - 18 boomerangs (quivered)
Armour
 A - a +0 chain mail (worn)
 E - a +0 cloak (worn)
 F - a +1 pair of boots (worn)
 I - a +1 pair of gloves of hurling (worn)
Jewellery
 d - an amulet of magic regeneration
 q - an amulet of reflection (around neck)
 u - a ring of positive energy
 B - a +6 ring of intelligence (right hand)
 M - a +6 ring of intelligence (left hand)
Wands
 y - a wand of mindburst (1)
 G - a wand of flame (12)
 J - a wand of polymorph (5)
Scrolls
 a - 2 scrolls of fog {unknown}
 c - 8 scrolls of teleportation {unknown}
 f - a scroll of acquirement {unknown}
 o - 2 scrolls of brand weapon {unknown}
 p - a scroll of summoning {unknown}
 r - 2 scrolls of amnesia {unknown}
 s - a scroll of noise {unknown}
 v - 5 scrolls of identify {unknown}
 w - a scroll of enchant weapon {unknown}
 x - a scroll of vulnerability {unknown}
 z - a scroll of immolation {unknown}
 D - a scroll of fear {unknown}
 H - a scroll of blinking {unknown}
Potions
 b - a potion of might {unknown}
 e - a potion of haste {unknown}
 g - 8 potions of enlightenment
 h - a potion of invisibility {unknown}
 i - 3 potions of curing {unknown}
 k - 2 potions of degeneration {unknown}
 l - 3 potions of brilliance {unknown}
 n - a potion of ambrosia {unknown}
 C - a potion of resistance {unknown}


   Skills:
 + Level 9.4 Fighting
 + Level 11.9 Maces & Flails
 + Level 8.9 Armour
 + Level 5.5 Dodging
 + Level 0.5 Stealth
 + Level 4.8 Shields


You had 9 spell levels left.
You didn't know any spells.
Your spell library was empty.

Dungeon Overview and Level Annotations

Branches:
Dungeon (8/15)             Temple (1/1) D:5          Bailey (visited)
   Lair: D:8-11

Altars:
Ashenzari
Cheibriados
Dithmenos
Elyvilon
Fedhas
Gozag
Hepliaklqana
Kikubaaqudgha
Makhleb
Nemelex Xobeh
Okawaru
Qazlal
Trog
Wu Jian
Xom
The Shining One

Shops:
D:6 [

Portals:
Ossuary: D:7

Annotations:
D:8 Amaemon
Abyss:1 Erica


Innate Abilities, Weirdness & Mutations

You have a pair of large horns on your head.
You reflexively headbutt those who attack you in melee.
You are robust. (+10% HP)


Message History

You kill the scorpion!
The scorpion's corpse disappears in a puff of smoke!
Amaemon hits you but does no damage.
You are more poisoned.
Amaemon claws you but does no damage.
Amaemon tail-slaps you but does no damage.
You barely miss Amaemon.
Amaemon is heavily wounded.
* * * LOW HITPOINT WARNING * * *
You feel very sick.
You closely miss Amaemon.
Amaemon is heavily wounded.
* * * LOW HITPOINT WARNING * * *
You feel very sick. The orange demon stings you from afar.
* * * LOW HITPOINT WARNING * * *
Amaemon completely misses you. Amaemon claws you but does no damage.
Amaemon barely misses you.
It was a potion of mutation.
You feel extremely strange.
You feel robust. The horns on your head grow some more.
* * * LOW HITPOINT WARNING * * *
You feel very sick. The orange demon stings you from afar.
* * * LOW HITPOINT WARNING * * *
You are more poisoned.
The orange demon poisons you! Amaemon hits you but does no damage.
You are more poisoned.
Amaemon claws you.
* * * LOW HITPOINT WARNING * * *
Amaemon tail-slaps you.
* * * LOW HITPOINT WARNING * * *
Unknown command.
Unknown command.
You are too injured to fight recklessly!
Unknown command.
Unknown command.
Unknown command.
You hit Amaemon. Your headbutt misses Amaemon.
Amaemon is heavily wounded.
You die...

#.# #.# ###
#.##.. . #.#.#
### ..#######..#
###..
.......##.##
.#.# #.......#
.4. #.......##
##.# #........##
##@#
##...##.#.###6##
######.##...##
#.###### #+#


You could see Amaemon and an orange demon.

Vanquished Creatures
  Pikel (D:4)
  Grinder (D:3)
  Sigmund (D:4)
  A wyvern (D:7)
  2 water moccasins
  6 orc warriors
  2 ice beasts
  2 black bears (D:5)
  A centaur (D:5)
  A phantom (D:6)
  2 lemures (D:4)
  2 bullfrogs
  3 necrophages (D:6)
  A wyvern zombie (D:6)
  2 scorpions (D:5)
  6 wights
  2 bullfrog zombies (D:6)
  A centaur zombie (D:6)
  A bombardier beetle (D:6)
  A gnoll bouda (D:5)
  5 hounds
  2 jellies
  An orc priest (D:4)
  3 sleepcaps
  4 iguanas
  4 orc wizards
  Jessica (D:3)
  Ijyb (D:5)
  A killer bee zombie (D:6)
  A mummy (D:7)
  Robin (D:3)
  12 gnolls
  10 adders
  2 white imps (D:6)
  3 ufetubi
  3 dart slugs
  3 ribbon worms
  23 orcs
  7 endoplasms
  5 giant cockroaches
  15 goblins
  12 hobgoblins
  3 quokkas
  11 ball pythons
  5 bats
  2 frilled lizards
  A goblin zombie (D:7)
  17 kobolds
  7 rats
204 creatures vanquished.

Notes
Turn   | Place    | Note
-------+----------+-------------------------------------------
     0 | D:1      | Quinndolin the Minotaur Berserker began the quest for the
                  | Orb.
     0 | D:1      | Reached XP level 1. HP: 19/19 MP: 0/0
    83 | D:1      | Reached skill level 4 in Maces & Flails
    83 | D:1      | Reached XP level 2. HP: 22/27 MP: 1/1
   235 | D:1      | Reached XP level 3. HP: 25/33 MP: 2/2
   636 | D:2      | Reached ** piety under Trog
   778 | D:2      | Found a faded altar of an unknown god.
   849 | D:2      | Reached skill level 5 in Maces & Flails
   863 | D:2      | Reached XP level 4. HP: 32/40 MP: 3/3
  1309 | D:3      | Noticed Jessica
  1310 | D:3      | Killed Jessica
  1436 | D:3      | Noticed Robin
  1461 | D:3      | Killed Robin
  1582 | D:3      | Reached XP level 5. HP: 47/47 MP: 4/4
  1629 | D:3      | Reached *** piety under Trog
  2027 | D:3      | Noticed Grinder
  2027 | D:3      | Paralysed by Grinder for 2 turns
  2031 | D:3      | Paralysed by Grinder for 5 turns
  2039 | D:3      | Killed Grinder
  2040 | D:3      | Reached skill level 6 in Maces & Flails
  2040 | D:3      | Reached XP level 6. HP: 37/53 MP: 5/5
  2087 | D:4      | Reached skill level 5 in Armour
  2208 | D:4      | Noticed Pikel
  2228 | D:4      | Killed Pikel
  2229 | D:4      | Reached skill level 5 in Fighting
  2229 | D:4      | Reached skill level 7 in Maces & Flails
  2229 | D:4      | Reached skill level 1 in Shields
  2229 | D:4      | Reached XP level 7. HP: 33/62 MP: 6/6
  2512 | D:4      | Reached XP level 8. HP: 50/70 MP: 7/7
  2661 | D:4      | Noticed Sigmund
  2674 | D:4      | Killed Sigmund
  3103 | D:5      | Entered Level 5 of the Dungeon
  3148 | D:5      | Noticed Ijyb
  3156 | D:5      | Reached skill level 8 in Maces & Flails
  3170 | D:5      | Killed Ijyb
  3396 | D:5      | Found a bloodstained altar of Trog.
  3421 | D:5      | Reached skill level 9 in Maces & Flails
  3423 | D:5      | Reached **** piety under Trog
  3498 | D:5      | Found a staircase to the Ecumenical Temple.
  3507 | D:5      | Reached XP level 9. HP: 56/79 MP: 8/8
  3524 | Temple   | Entered the Ecumenical Temple
  3990 | D:6      | Reached skill level 5 in Dodging
  4358 | D:6      | Reached skill level 10 in Maces & Flails
  4581 | D:6      | Found a blossoming altar of Fedhas.
  4670 | D:6      | Found Vuoprasyca's Antique Armour Boutique.
  4678 | D:6      | Bought a pair of embroidered gloves for 187 gold pieces
  5173 | D:7      | Found a sand-covered staircase.
  5221 | D:7      | Found a flagged portal.
  5234 | Bailey   | Entered a bailey
  5321 | Bailey   | Reached skill level 11 in Maces & Flails
  5322 | Bailey   | Reached ***** piety under Trog
  5363 | Bailey   | Reached XP level 10. HP: 49/90 MP: 9/9
  5655 | D:8      | Noticed Erica
  5662 | D:8      | Banished Erica
  5803 | D:8      | Noticed Amaemon
  5803 | D:8      | Noticed an orange demon
  5820 | D:8      | Gained mutation: You are robust. (+10% HP) [potion of
                  | mutation]
  5820 | D:8      | Gained mutation: You have a pair of large horns on your
                  | head. [potion of mutation]
  5820 | D:8      | HP: 5/100 [Amaemon/+0 demon whip of venom (2)]
  5821 | D:8      | Succumbed to Amaemon's poison

Illustrated notes

Levels and vault maps discovered:
D:1:      tarquinn_simple_flora_water_c, layout_rooms, minmay_misc_feat_tiny,
          chequers_arboretum, supply_closet_lemuel
D:2:      layout_loops_ring, basic_ecumenical_altar
D:3:      layout_loops_cross, uniq_grinder, uniq_jessica, uniq_robin
D:4:      layout_loops_ring, kennysheep_pointless_box, uniq_pikel, uniq_sigmund
D:5:      minmay_bubble_buster, layout_loops_ring, trog_ov_bears_minmay,
          minmay_temple_entry_water_ring, uniq_ijyb
D:6:      layout_gridville, fedhas_altar_decomposition, serial_shops,
          nicolae_square_shop
D:7:      layout_cave_pods, enter_bailey_6, nicolae_ossuary_entry_giza,
          uniq_maggie
D:8:      minmay_clustersquares, layout_loops_corners, zin_statuary, uniq_grum,
          uniq_amaemon, uniq_erica
Temple:   nicolae_temple_ecumenical_triangle

Skill      XL: |  1  2  3  4  5  6  7  8  9 10 |
---------------+-------------------------------+-----
Maces & Flails | 4 5 6 7 9 11 | 11.9
Fighting       | 4 5 7 8 9 |  9.4
Armour         | 3 4 6 7 8 |  8.9
Dodging        | 3 4 5 |  5.5
Shields        | 1 3 4 |  4.8
Stealth        | |  0.5

Action                     |  1- 3 |  4- 6 |  7- 9 | 10-12 || total
---------------------------+-------+-------+-------+-------++-------
  Melee: Mace              |    72 |   124 |   262 |    35 ||   493
         Headbutt          |    12 |    17 |    37 |     9 ||    75
         Punch             |     1 |     1 |     3 |       ||     5
    Use: Potion            |       |       |       |     1 ||     1
 Armour: Animal skin       |    21 |       |       |       ||    21
         Scale mail        |    21 |    83 |    23 |       ||   127
         Chain mail        |       |       |   190 |    36 ||   226
  Dodge: Dodged            |    48 |    53 |   112 |    21 ||   234
  Block: Other             |       |    15 |    60 |     5 ||    80
         Reflection        |       |       |     8 |       ||     8
